 Dungeon Crawl Stone Soup version 0.17-a0-1923-gc35365e (webtiles) character file.

425 FurryRage the Covered (level 6, -4/56 HPs)
             Began as a Minotaur Fighter on Sept 28, 2015.
             Was an Initiate of Trog.
             Killed by divine providence
             ... invoked by an orc priest
              (10 damage)
             ... on level 4 of the Dungeon.
             The game lasted 00:09:45 (2922 turns).

FurryRage the Covered (Minotaur Fighter)            Turns: 2922, Time: 00:09:45

Health: -4/56      AC:  7    Str: 20    XL:     6   Next: 64%
Magic:  5/5        EV:  9    Int:  5    God:    Trog [......]
Gold:   231        SH: 10    Dex: 12    Spells: 0 memorised, 5 levels left

rFire  . . .     SeeInvis .     a - +0 war axe
rCold  . . .     Clarity  .     b - +0 scale mail
rNeg   . . .     SustAt   .     c - +0 shield
rPois  .         Gourm    .     (helmet restricted)
rElec  .         Spirit   .     (no cloak)
rCorr  .         Warding  .     (no gloves)
rMut   .         Stasis   .     (no boots)
MR     .....                    (no amulet)
Stlth  ..........               (no ring)
                                (no ring)

@: not resistant to hostile enchantments, extremely unstealthy
A: retaliatory headbutt, horns 2
a: Burn Spellbooks, Renounce Religion


You were on level 4 of the Dungeon.
You worshipped Trog.
Trog was noncommittal.
You were near starving.

You visited 2 branches of the dungeon, and saw 6 of its levels.

You collected 231 gold pieces.

Inventory:

Hand weapons
 a - a +0 war axe (weapon)
Armour
 b - a +0 scale mail (worn)
 c - a +0 shield (worn)
 C - a +0 plate armour
 D - a +0 helmet
Jewellery
 t - an uncursed ring of fire {unknown}
 y - an uncursed ring of magical power {unknown}
Scrolls
 g - 5 scrolls of amnesia {unknown}
 j - 2 scrolls of teleportation {unknown}
 k - 2 scrolls of enchant armour {unknown}
 m - 3 scrolls of blinking {unknown}
 o - 2 scrolls of remove curse {unknown}
 q - a scroll of enchant weapon {unknown}
 r - 4 scrolls of identify {unknown}
 s - a scroll of immolation {unknown}
 v - a scroll of fear {unknown}
Potions
 d - 2 potions of might
 f - 2 potions of agility {unknown}
 i - a potion of mutation {unknown}
 l - a potion of curing {unknown}
 p - 2 potions of poison {unknown}
 u - a potion of lignification {unknown}
 w - a potion of degeneration {unknown}
 x - a potion of heal wounds {unknown}
 B - a potion of magic {unknown}
Comestibles
 e - 3 bread rations
 h - a slice of pizza
 n - a beef jerky
 z - 2 chunks of flesh
 A - a meat ration


   Skills:
 + Level 5.0 Fighting
 + Level 4.2 Axes
 + Level 5.8 Armour
 + Level 2.4 Dodging
 + Level 5.2 Shields


You had 5 spell levels left.
You didn't know any spells.

Dungeon Overview and Level Annotations

Branches:
Dungeon (5/15)             Temple (1/1) D:4

Altars:
Ashenzari
Dithmenos
Elyvilon
Fedhas
Gozag
Kikubaaqudgha
Nemelex Xobeh
Okawaru
Qazlal
Ru
Trog
Vehumet
Xom
The Shining One


Innate Abilities, Weirdness & Mutations

You reflexively headbutt those who attack you in melee.
You have a pair of horns on your head.


Message History

You hit the orc.
The orc is lightly wounded.
You block the orc's attack.
You closely miss the orc.
The orc is lightly wounded.
You hit the orc priest but do no damage.
The orc hits you with a hand axe.
* * * LOW HITPOINT WARNING * * *
You block the orc's attack. You block the orc priest's attack.
Your shield prevents you from hitting the orc priest.
You headbutt the orc priest.
The orc priest is lightly wounded.
You closely miss the orc.
The orc is lightly wounded.
You block the orc's attack. x2
The orc priest hits you but does no damage.
The orc hits you but does no damage.
The orc priest invokes the aid of Beogh against you.
Something smites you!
You die...

#..........# #.# #.#
#....#.#... ....######.#
#.###.# ............ #..##
#.###.##..#.##.#......##
#..# #........##
#.###....... #..#
#..##.#..##..# ##......
#..#######..##....^..##
##..###
#.............###†##..##
.#.
#.########..#..........##
.##.
#...........####@.oo....#..
#.
##########.####.#o#.o###.
#.###.##.##.##
#..[..>......####.#
#####.#####o...)...
##.###..#####.# ##...#.#
#####.# #.#####.o#


You could see an orc priest, an orc wizard and 2 orcs.

Vanquished Creatures
  3 scorpions (D:4)
  A centaur skeleton (D:4)
  A giant frog skeleton (D:4)
  An orc priest (D:4)
  An iguana (D:4)
  A worker ant (D:4)
  7 adders
  2 worms (D:3)
  A giant gecko (D:1)
  3 orcs
  3 ball pythons
  4 bats
  A giant cockroach (D:1)
  11 goblins
  6 hobgoblins
  11 jackals
  3 quokkas
  3 giant newts
  5 kobolds
  7 rats
75 creatures vanquished.

Notes
Turn   | Place    | Note
--------------------------------------------------------------
     0 | D:1      | FurryRage the Minotaur Fighter began the quest for the Orb.
     0 | D:1      | Reached XP level 1. HP: 19/19 MP: 0/0
   229 | D:1      | Reached XP level 2. HP: 27/27 MP: 1/1
   232 | D:1      | Reached skill level 4 in Shields
   904 | D:2      | Reached XP level 3. HP: 26/33 MP: 2/2
  1563 | D:3      | Found an iron altar of Okawaru.
  1567 | D:3      | Found a sparkling altar of Nemelex Xobeh.
  1615 | D:3      | Reached XP level 4. HP: 38/41 MP: 3/3
  1816 | D:3      | Found a blossoming altar of Fedhas.
  1892 | D:3      | Reached skill level 1 in Dodging
  2126 | D:4      | Reached XP level 5. HP: 30/47 MP: 4/4
  2594 | D:4      | Reached skill level 5 in Armour
  2649 | D:4      | Found a staircase to the Ecumenical Temple.
  2665 | Temple   | Entered the Ecumenical Temple
  2711 | Temple   | Became a worshipper of Trog the Wrathful
  2733 | D:4      | Reached XP level 6. HP: 50/55 MP: 5/5
  2742 | D:4      | Reached skill level 5 in Fighting
  2742 | D:4      | Reached skill level 5 in Shields
  2862 | D:4      | HP: 1/56 [orc priest/divine providence (14)]
  2873 | D:5      | Entered Level 5 of the Dungeon
  2922 | D:4      | Killed from afar by an orc priest

Vault maps used:
D:1:      saegor_arrival_simple_f
D:3:      grunt_temple_overflow_open, lemuel_statue_altar
D:4:      minmay_temple_entry_grid, first_bread
D:5:      st_stairs_9, uniq_sigmund, uniq_menkaure
Temple:   circular_temple_12

Action                   |  1- 3 |  4- 6 || total
-------------------------+-------+-------++-------
Melee: War axe           |    91 |    91 ||   182
Invok: Burn Spellbooks   |       |     1 ||     1
  Eat: Chunk             |     1 |     4 ||     5
